 Dungeon Crawl Stone Soup version 0.31-a0-102-g33a4ccc0cb (webtiles) character file.

Game seed: 18380365649470790548

521026 Flugkiller the Imperceptible (level 25, 0/157 HPs)
             Began as a Gargoyle Enchanter on May 26, 2023.
             Was the Champion of Dithmenos.
             Slain by a yellow draconian
             ... wielding a +0 scimitar
              (24 damage)
             ... on level 2 of the Realm of Zot.
             The game lasted 02:49:37 (64019 turns).

Flugkiller the Imperceptible (Gargoyle Enchanter)  Turns: 64019, Time: 02:49:37

Health: 0/157      AC: 34    Str: 16    XL:     25   Next: 29%
Magic:  17/38      EV: 19    Int: 21    God:    Dithmenos [******]
Gold:   5330       SH: 18    Dex: 16    Spells: 13/46 levels left

rFire   + . .        W - +9 quick blade (vamp)
rCold   + . .        U - +0 kite shield {AC+3}
rNeg    + + .        C - +2 robe {Archmagi}
rPois   ∞            m - +2 hat "Macuomnu" {rC+ rN+}
rElec   +            v - scarf {+Inv}
rCorr   .            J - +2 pair of gloves {Stlth+}
SInv    .            f - +2 pair of boots {rampage}
Will    ++++.        V - amulet "Ranu" {Reflect Will+ Str+3 SH+5} Stlth *******+++
                     p - ring of protection from fire
HPRegen 0.46/turn    j - +4 ring of slaying
MPRegen 0.26/turn

%: reflection, rampage, archmagi
@: flying, wreathed by umbra, studying Axes
A: sickness immunity, AC +19, big wings, negative energy resistance 1,
electricity resistance, torment resistance 1, petrification resistance, fangs 1,
horns 1, strong-willed 2, mutation resistance 1
}: 3/15 runes: decaying, serpentine, abyssal
a: Renounce Religion, Evoke Invisibility, Shadow Step, Shadow Form


You were on level 2 of the Realm of Zot.
You worshipped Dithmenos.
Dithmenos was exalted by your worship.
You visited 9 branches of the dungeon, and saw 43 of its levels.
You visited the Abyss 1 time.
You visited 2 bazaars.
You also visited: Gauntlet.

You collected 7538 gold pieces.
You spent 2208 gold pieces at shops.

Inventory:

Hand Weapons
 W - a +9 vampiric quick blade (weapon)
   (You subdued it on level 2 of the Elven Halls)
Missiles
 u - a throwing net
 I - 3 curare-tipped darts
Armour
 f - a +2 pair of boots of rampaging (worn)
   (You bought it in a shop in a bazaar)
 m - the +2 hat "Macuomnu" (worn) {rC+ rN+}
   (You found it in a Gauntlet)

   rC:        It protects you from cold.
   rN:        It protects you from negative energy.
 v - a scarf of invisibility (worn)
   (You found it on level 2 of the Vaults)
 C - a +2 robe of the Archmagi (worn)
   (You took it off a deep elf annihilator on level 3 of the Elven Halls)
 J - a +2 pair of gloves of stealth (worn)
   (You bought it in a shop in a bazaar)
 M - a +0 cloak of willpower
   (You bought it in a shop on level 5 of the Dungeon)
 N - a +0 cloak of stealth
   (You found it on level 3 of the Vaults)
 U - a +0 kite shield of protection (worn)
   (You took it off a naga warrior on level 1 of the Snake Pit)
Jewellery
 c - a ring of protection from cold
   (You found it on level 3 of the Swamp)
 i - a ring of see invisible
   (You took it off a deep elf annihilator on level 3 of the Elven Halls)
 j - a +4 ring of slaying (right hand)
   (You found it on level 3 of the Elven Halls)
 p - a ring of protection from fire (left hand)
   (You took it off a deep elf blademaster on level 3 of the Elven Halls)
 O - the ring of Reifa {EV+5 Stlth+}
   (You took it off a deep elf sorcerer on level 3 of the Elven Halls)

   [ring of evasion]

   EV:        It affects your evasion (+5).
   Stlth:     It makes you more stealthy.
 S - a +6 ring of intelligence
   (You found it on level 1 of the Dungeon)
 V - the amulet "Ranu" (around neck) {Reflect Will+ Str+3 SH+5}
   (You acquired it on level 2 of the Lair of Beasts)

   [amulet of reflection]

   It reflects blocked missile attacks.
   Str:       It affects your strength (+3).
   SH:        It affects your SH (+5).
   Will:      It increases your willpower.
Wands
 g - a wand of quicksilver (17)
   (You found it on level 9 of the Dungeon)
 x - a wand of mindburst (40)
   (You bought it in a shop on level 4 of the Dungeon)
 y - a wand of roots (18)
   (You found it on level 5 of the Dungeon)
 L - a wand of paralysis (52)
   (You found it on level 2 of the Lair of Beasts)
 Y - a wand of digging (6)
   (You found it on level 3 of the Lair of Beasts)
Scrolls
 a - a scroll of butterflies
 o - 2 scrolls of immolation
 t - 12 scrolls of teleportation
 B - 7 scrolls of fear
 E - 10 scrolls of vulnerability
 F - 6 scrolls of poison
 G - 10 scrolls of magic mapping
 H - 3 scrolls of silence
 K - 2 scrolls of fog
Potions
 b - a potion of ambrosia
 d - 2 potions of might
 e - 5 potions of magic
 h - 2 potions of haste
 k - 5 potions of attraction
 l - 3 potions of cancellation
 n - 4 potions of resistance
 q - 7 potions of curing
 s - 6 potions of enlightenment
 w - a potion of heal wounds
 P - 4 potions of mutation
 T - 7 potions of brilliance
 Z - a potion of invisibility
Miscellaneous
 r - a lightning rod (4/4)
   (You found it on level 2 of the Snake Pit)
 A - a phantom mirror
   (You found it in a Gauntlet)
 Q - a phial of floods
   (You found it on level 11 of the Dungeon)
 R - a tin of tremorstones (1/2)
   (You found it on level 4 of the Swamp)


   Skills:
 - Level 16.0 Fighting
 - Level 14.0 Short Blades
 - Level 14.0 Dodging
 - Level 22.0 Stealth
 - Level 14.0 Shields
 + Level 11.1 Spellcasting
 - Level 5.0 Conjurations
 + Level 16.0 Hexes
 - Level 2.0 Translocations
 - Level 1.0 Ice Magic
 - Level 5.0 Air Magic
 - Level 8.0 Earth Magic
 - Level 11.0 Invocations
 - Level 16.0 Evocations


You had 13 spell levels left.
You knew the following spells:

 Your Spells              Type           Power      Damage    Failure   Level
a - Ensorcelled Hibernat  Hex/Ice        100%       N/A       1%          2
b - Confusing Touch       Hex            87%        N/A       1%          3
c - Tukima's Dance        Hex            87%        N/A       1%          3
d - Dazzling Flash        Conj/Hex       100%       N/A       1%          3
e - Passwall              Tmut/Erth      27%        N/A       5%          2
f - Stone Arrow           Conj/Erth      98%        3d13      3%          3
h - Enfeeble              Hex            43%        N/A       12%         7
r - Blink                 Tloc           60%        N/A       7%          2
w - Swiftness             Air            48%        N/A       4%          3
G - Silence               Hex/Air        33%        N/A       7%          5

Your spell library contained the following spells:

 Spells                   Type           Power      Damage    Failure   Level
 Slow                     Hex            100%       N/A       0%          1
 Magic Dart               Conj           100%       1d8       1%          1
 Sandblast                Erth           100%       2d20      1%          1
 Searing Ray              Conj           96%        2d7       1%          2
 Summon Guardian Golem    Hex/Summ       56%        N/A       1%          3
 Cause Fear               Hex            43%        N/A       1%          4
 Shock                    Conj/Air       100%       1d9       2%          1
 Fulminant Prism          Conj/Hex       33%        3d16      2%          4
 Static Discharge         Conj/Air       80%        2-6/arc   3%          2
 Apportation              Tloc           60%        N/A       4%          1
 Foxfire                  Conj/Fire      96%        2x1d8     7%          1
 Lesser Beckoning         Tloc           60%        N/A       7%          2
 Momentum Strike          Conj/Tloc      60%        3d9       7%          2
 Anguish                  Hex/Necr       28%        N/A       7%          4
 Poisonous Vapours        Pois/Air       48%        N/A       10%         2
 Summon Small Mammal      Summ           68%        N/A       11%         1
 Airstrike                Air            24%        2d(4-20)  13%         4
 Mephitic Cloud           Conj/Pois/Air  26%        N/A       17%         3
 Yara's Violent Unravell  Hex/Tmut       28%        3d12      19%         5
 Frozen Ramparts          Ice            46%        1d7       21%         3
 Ozocubu's Armour         Ice            23%        N/A       21%         3
 Call Canine Familiar     Summ           17%        N/A       30%         3
 Vampiric Draining        Necr           17%        2d7       30%         3
 Volatile Blastmotes      Fire/Tloc      30%        2d12      36%         3
 Iskenderun's Mystic Bla  Conj/Tloc      30%        2d8       41%         4
 Manifold Assault         Tloc           30%        N/A       41%         4
 Passage of Golubria      Tloc           30%        N/A       41%         4
 Spider Form              Tmut/Pois      8%         N/A       50%         3
 Ignite Poison            Fire/Tmut/Pois 5%         N/A       54%         3
 Sticky Flame             Conj/Fire      24%        2d5       54%         4
 Summon Lightning Spire   Summ/Air       24%        N/A       54%         4
 Discord                  Hex            43%        N/A       67%         8
 Freezing Cloud           Conj/Ice/Air   14%        6-21      80%         5
 Ice Form                 Ice/Tmut       11%        N/A       83%         4
 Summon Ice Beast         Ice/Summ       11%        N/A       83%         4
 Agony                    Necr           17%        N/A       96%         5
 Summon Forest            Summ/Tloc      7%         N/A       98%         5
 Conjure Ball Lightning   Conj/Air       20%        3x3d6     98%         6
 Dispersal                Tloc           15%        N/A       100%        6
 Eringya's Noxious Bog    Tmut/Pois      4%         N/A       100%        6
 Starburst                Conj/Fire      12%        6d5       100%        6
 Orb of Destruction       Conj           24%        9d9       100%        7
 Ozocubu's Refrigeration  Ice            11%        4d10      100%        7
 Spellforged Servitor     Conj/Summ      12%        N/A       100%        7
 Summon Hydra             Summ           8%         N/A       100%        7
 Disjunction              Tloc           15%        N/A       100%        8
 Ignition                 Fire           8%         3d5       100%        8
 Cigotuvi's Dreadful Rot  Necr/Pois/Air  Unusable   N/A       N/A         2

Dungeon Overview and Level Annotations

Branches:
Dungeon (15/15) Zot: 25311  Temple (0/1) D:5            Lair (5/5) D:10 Zot: 19637
  Swamp (4/4) Lair:3 Zot: 20864   Snake (4/4) Lair:3 Zot: 18199   Slime (0/5) Lair:5
    Orc (2/2) D:12 Zot: 9810     Elf (3/3) Orc:2 Zot: 11142  Vaults (4/5) D:13 Zot: 18844
  Crypt (0/3) Vaults:3     Depths (4/4) D:15 Zot: 17711     Zot (2/5) Depths:4 Zot: 9450
Gauntlet (visited)

Altars:
Cheibriados
Dithmenos
Fedhas
Makhleb
Nemelex Xobeh
Okawaru
Uskayaw
Vehumet
Xom
Zin
The Shining One
Jiyva

Shops:
D:1 ?   D:4 *   D:5 [   Orc:2 [*=(   Elf:3 [   Vaults:2 (

Portals:
Hell: Depths:1 Depths:2 Depths:3 Depths:4
Abyss: Depths:3
Pandemonium: Depths:2
Ziggurat: Depths:3

Annotations:
D:3 exclusion: downstairs
D:9 1 runed translucent door, P0068685's ghost, novice HOFi
Swamp:3 2 transporters, exclusion: obsidian statue
Orc:2 2 transporters, KimchiStew's ghost, journeyman HuIE
Elf:2 Roxanne
Vaults:2 3 runed translucent doors, Ciotsan's ghost, adept FeIE
Zot:2 1 transporter


Innate Abilities, Weirdness & Mutations

You are immune to sickness and miasma.
Your stone body is resilient. (AC +19)
You are immune to poison.
Your large and strong wings let you fly.
You resist negative energy. (rN+)
You are resistant to electric shocks. (rElec)
You are resistant to unholy torment.
You are immune to petrification.
You have very sharp teeth.
You have a pair of small horns on your head.
You are highly strong-willed. (Will++)
You are somewhat resistant to further mutation.


Message History

Unknown command.
Unknown command.
You hit the curse toe but do no damage.
You headbutt the curse toe, but do no damage.
You bite the curse toe, but do no damage.
You hit the curse toe but do no damage.
You headbutt the curse toe, but do no damage.
You bite the curse toe, but do no damage.
The curse toe is severely damaged.
Your shadow hits the curse toe but does no damage.
Your shadow hits the curse toe with a quick blade.
You block something's attack.
You block the wandering mushroom's attack.
Unknown command.
You hit the curse toe but do no damage. You puncture the curse toe!
You headbutt the curse toe, but do no damage.
You bite the curse toe, but do no damage.
The curse toe is almost destroyed.
Your shadow hits the curse toe but does no damage. x2
Something hits you!
* * * LOW HITPOINT WARNING * * *
Unknown command.
You hit the curse toe but do no damage.
You headbutt the curse toe, but do no damage.
You hit the curse toe but do no damage. Your headbutt misses the curse toe.
The curse toe is almost destroyed.
Your shadow hits the curse toe but does no damage. x2
You block the wandering mushroom's attack.
Something hits you but does no damage.
The curse toe falters for a moment.
Unknown command.
You hit the curse toe but do no damage.
You bite the curse toe, but do no damage.
You hit the curse toe but do no damage.
You headbutt the curse toe, but do no damage.
The curse toe is almost destroyed.
You block something's attack.
Unknown command.
You hit the curse toe but do no damage. x2; You bite the curse toe.
The curse toe is almost destroyed.
Your shadow hits the curse toe but does no damage. x2
You block the wandering mushroom's attack.
Something hits you.
* * * LOW HITPOINT WARNING * * *
Unknown command.
You hit the curse toe.
You headbutt the curse toe, but do no damage.
You bite the curse toe, but do no damage.
You hit the curse toe but do no damage.
You headbutt the curse toe, but do no damage.
The curse toe is almost destroyed.
Your shadow hits the curse toe but does no damage. x2
You block the wandering mushroom's attack.
Unknown command.
You hit the curse toe but do no damage.
You bite the curse toe, but do no damage.
You hit the curse toe but do no damage.
The curse toe is almost destroyed.
Your shadow hits the curse toe but does no damage. x2
Something closely misses you.
Unknown command.
You hit the curse toe but do no damage.
You headbutt the curse toe, but do no damage.
You bite the curse toe, but do no damage.
You hit the curse toe but do no damage.
The curse toe is almost destroyed.
Your shadow hits the curse toe but does no damage. x2
You block something's attack.
The wandering mushroom barely misses you.
Unknown command.
You hit the curse toe but do no damage.
You headbutt the curse toe, but do no damage.
You bite the curse toe. You completely miss the curse toe.
You headbutt the curse toe.
You bite the curse toe, but do no damage.
The curse toe is almost destroyed.
Your shadow hits the curse toe but does no damage.
Your shadow completely misses the curse toe.
You are no longer corroded.
Something closely misses you.
Unknown command.
You hit the curse toe. You hit the curse toe but do no damage.
You headbutt the curse toe, but do no damage.
The curse toe is almost destroyed.
Your shadow hits the curse toe but does no damage. x2
You block the wandering mushroom's attack.
Something hits you!
* * * LOW HITPOINT WARNING * * *
Unknown command.
You can't see any enemies this would affect, really read the scroll of fear?
As you read the scroll of fear, it crumbles to dust.
You assume a fearsome visage.
The wandering mushroom is unaffected. x5
The curse toe is unaffected.
The curse toe's magic is no longer disrupted.
Something hits you.
* * * LOW HITPOINT WARNING * * *
The wandering mushroom misses you. Something hits you but does no damage.
You feel better.
You block the wandering mushroom's attack.
Something hits you!!
You die...

..##...########§#***#§.qd.###....
####...########.#####§§dXz# #d.q.
......q...^..)..).qDDq§§D.###....
....q.................D#####.....
#.....##.!...##.######## #.D...
#......#.....*#[# #.....
....q..#.....##.# ###....
'##°...######..†###### #......
..##.........ff{@....## #..<...
.,,##........f.fz.....# #......
**,,#..########f....#.##*####....
,*,,#..#...#........#....#.......
∩*,,#............................
,,,##.##<..#....#####....#.......
,,##☼.##...#....# *.##*####....
###☼..##...#....# *,.,* ##...
.....#######....# *,,,* #...


You could see a curse toe and 5 wandering mushrooms.

Vanquished Creatures
  A dread lich (Vaults:2)
  2 ancient liches
  2 orbs of fire
  Mennas (Depths:2)
  A juggernaut (Depths:4)
  the Lernaean hydra (Swamp:4)
  A curse toe (Zot:2)
  Vashnia (Snake:3)
  2 caustic shrikes
  Nikola (Swamp:1)
  2 golden dragons (Zot:2)
  the Enchantress (Depths:3)
  Jorgrun (Swamp:1)
  6 tentacled monstrosities
  A walking crystal tome (Depths:2)
  Zenata (Elf:2)
  6 liches
  A walking earthen tome (Depths:4)
  A titan (Vaults:4)
  A quicksilver dragon (Zot:1)
  6 death cobs
  3 deep elf blademasters
  2 deep elf master archers (Elf:3)
  6 sphinxes
  4 tentacled starspawn (Abyss:3)
  A thorn hunter (Swamp:3)
  Kirke (Swamp:2)
  4 shadow dragons
  7 storm dragons
  3 tengu reavers
  6 draconian monks
  3 daevas (Depths:2)
  A nagaraja (Snake:4)
  2 fire giants
  A draconian knight (Zot:2)
  2 iron dragons
  8 vault wardens
  6 deep elf sorcerers
  3 draconian scorchers
  7 frost giants
  Aizul (Snake:4)
  Louise (Swamp:1)
  2 balrugs
  A ghost moth (Zot:2)
  2 draconian shifters
  6 draconian stormcallers
  3 deep elf elementalists (Elf:3)
  19 ironbound preservers
  2 reapers (Depths:2)
  4 spriggan defenders
  3 angels (Depths:2)
  6 ironbound thunderhulks
  2 draconian annihilators
  7 very ugly things
  3 green draconians
  2 vampire knights
  14 stone giants
  3 war gargoyles
  5 dire elephants
  5 deep elf demonologists
  7 deep elf annihilators
  4 bunyips
  A minotaur (Gauntlet)
  7 purple draconians
  A black draconian (Zot:2)
  2 demonspawn black suns (Zot:2)
  13 starcursed masses (Abyss:3)
  6 spark wasps
  3 yellow draconians
  2 eleionomae (Swamp:2)
  7 red draconians
  2 white draconians
  A formless jellyfish (Vaults:4)
  An eidolon (Vaults:2)
  6 deep elf death magi
  4 fire dragons
  2 jiangshi (Depths:2)
  3 merfolk javelineers
  Snorg (D:11)
  12 yaktaur captains
  2 deep elf high priests (Elf:3)
  An entropy weaver (Vaults:2)
  5 ettins
  Josephine (Lair:4)
  8 great orbs of eyes
  6 rakshasas
  11 vault guards
  34 hydras
  9 ice dragons
  A quicksilver dragon skeleton (Depths:3)
  A peacekeeper (Vaults:2)
  Fannar (Lair:3)
  6 catoblepae
  5 salamander tyrants
  6 spriggan air magi
  A ghost crab (Swamp:1)
  6 ironbound frosthearts
  7 centaur warriors
  7 boulder beetles
  Erica (Orc:1)
  10 alligators
  3 tengu warriors
  9 anacondas
  17 dancing weapons
  12 naga warriors
  A two-headed ogre (Orc:1)
  A vampire mage (Depths:2)
  5 thrashing horrors (Abyss:3)
  19 death yaks
  6 deep troll earth magi
  6 deep troll shamans
  4 orc high priests
  10 shock serpents
  18 deep elf knights
  6 spriggan berserkers
  13 naga sharpshooters
  18 hell knights
  Nergalle (Lair:3)
  2 shadow wraiths (Vaults:2)
  11 salamander mystics
  3 soul eaters
  2 wretched stars (Abyss:3)
  2 skysharks
  4 iron trolls
  3 goliath frogs
  A death drake (Abyss:3)
  A fire crab (shapeshifter) (Elf:2)
  A sixfirhy (Abyss:3)
  6 cherubim (Depths:2)
  3 glowing orange brains
  69 deep trolls
  A naga ritualist (Snake:4)
  11 ironbound convokers
  5 spriggan druids
  17 swamp dragons
  An orb spider (shapeshifter) (Vaults:1)
  A spark wasp zombie (Depths:3)
  18 lindwurms
  A phantasmal warrior (Abyss:1)
  16 bog bodies
  7 orc knights
  4 harpies (Vaults:1)
  10 wizards
  A golden dragon skeleton (Depths:3)
  20 deep elf archers
  6 necromancers
  10 mana vipers
  6 orc sorcerers
  21 deep elf zephyrmancers
  An oklob plant (Swamp:1)
  A wolf spider (D:11)
  7 cyclopes
  35 deep elf pyromancers
  8 manticores
  A shadow dragon skeleton (Depths:3)
  3 will-o-the-wisps
  2 worldbinders (Abyss:3)
  39 ugly things
  9 moths of wrath
  16 elephants
  16 salamanders
  8 vault sentinels
  Maurice (D:13)
  9 guardian serpents
  4 smoke demons
  34 black mambas
  6 naga magi
  13 cane toads
  A centaur skeleton (Abyss:3)
  2 gargoyles
  5 torpor snails (Lair:5)
  7 rime drakes (Lair:5)
  An unseen horror (D:10)
  13 komodo dragons
  4 kobold demonologists
  2 efreet (D:14)
  20 yaktaurs
  4 tengu conjurers
  An ice devil (Depths:2)
  7 catoblepas skeletons (Abyss:3)
  2 ancient zymes (Abyss:3)
  A red devil (Depths:2)
  4 trolls
  2 polar bears (Lair:3)
  A bloated husk (Swamp:1)
  13 tyrant leeches
  15 hornets
  A tarantella (Vaults:2)
  20 blink frogs
  9 raiju
  13 dream sheep
  47 slime creatures
  4 shadows
  14 spriggans
  3 vampires
  7 wraiths
  2 air elementals (Elf:1)
  12 water elementals
  6 wyverns
  57 yaks
  A fire elemental (Elf:1)
  7 basilisks
  A neqoxec (Abyss:3)
  18 large abominations
  2 redbacks (Vaults:2)
  4 steam dragons
  A hog (Swamp:2)
  17 vampire mosquitoes
  2 chaos spawn (Abyss:3)
  13 small abominations
  4 wargs
  Menkaure (D:7)
  13 swamp worms
  Edmund (D:4)
  35 nagas
  9 water moccasins
  3 acid dragons
  19 orc warriors
  A floating eye (shapeshifter) (D:13)
  4 ice beasts
  2 sky beasts
  3 boggarts (Vaults:4)
  3 ogres
  8 swamp drakes
  6 wolves
  2 phantoms
  6 centaurs
  6 kobold brigands
  12 bullfrogs
  A gnoll sergeant (D:7)
  11 earth elementals
  2 scorpions (D:4)
  3 wights
  10 killer bees (D:10)
  8 electric eels
  4 howler monkeys
  18 orc priests
  8 hounds
  An iron imp (Abyss:3)
  2 jellies
  Terence (D:3)
  2 sleepcaps
  An iguana (D:6)
  25 orc wizards
  6 hell rats (Lair:3)
  12 gnolls
  9 adders
  3 shadow imps
  4 white imps
  An ufetubus (Abyss:1)
  A worm (D:2)
  3 dart slugs
  84 orcs
  3 ball pythons
  7 endoplasms
  7 giant cockroaches
  2 goblins (D:1)
  9 hobgoblins
  2 jackals (D:2)
  4 quokkas (D:1)
  3 bats (D:1)
  4 frilled lizards
  17 kobolds
  5 rats
  A starspawn tentacle (Abyss:3)
1829 creatures vanquished.

Vanquished Creatures (collateral kills)
  2 two-headed ogres (D:10)
  An orc warrior (D:6)
  A centaur (D:5)
  5 wights
  A kobold (D:4)
10 creatures vanquished.

Vanquished Creatures (others)
  A spriggan defender (Depths:3)
  A bunyip (Swamp:2)
  A spriggan air mage (Swamp:2)
  2 deep elf knights
  A spriggan (Swamp:2)
  A bog body (Swamp:2)
  A wizard (Vaults:4)
  An ugly thing (Vaults:4)
  2 deep elf pyromancers (Elf:1)
  3 bloated husks (Swamp:2)
  A hornet (Swamp:2)
  A ynoxinul (Abyss:1)
  A human (Swamp:2)
  7 dancing weapons
  A swamp drake (Swamp:2)
  An orc wizard (Orc:2)
  An orc (D:4)
  An endoplasm (D:4)
  A kobold (D:9)
  14 foxfires
  11 starspawn tentacles (Abyss:3)
54 creatures vanquished.

Grand Total: 1893 creatures vanquished

Notes
Turn   | Place    | Note
-------+----------+-------------------------------------------
     0 | D:1      | Flugkiller the Gargoyle Enchanter began the quest for the
                  | Orb.
     0 | D:1      | Reached XP level 1. HP: 10/10 MP: 3/3
    53 | D:1      | Reached skill level 1 in Short Blades
   214 | D:1      | Reached XP level 2. HP: 11/15 MP: 5/5
   217 | D:1      | Reached skill level 4 in Stealth
   284 | D:1      | Learned a level 2 spell: Ensorcelled Hibernation
   729 | D:1      | Reached skill level 1 in Ice Magic
   729 | D:1      | Reached XP level 3. HP: 19/20 MP: 2/6
   849 | D:1      | Found Caumoxen's Magic Scroll Shoppe.
  1574 | D:1      | Learned a level 3 spell: Confusing Touch
  1847 | D:2      | Reached XP level 4. HP: 24/24 MP: 7/7
  2368 | D:3      | Found a glowing golden altar of the Shining One.
  2441 | D:3      | Noticed Terence
  2668 | D:3      | Killed Terence
  2669 | D:3      | Reached skill level 1 in Fighting
  2884 | D:3      | Found a blossoming altar of Fedhas.
  3083 | D:2      | Reached XP level 5. HP: 29/29 MP: 4/8
  3094 | D:1      | Learned a level 3 spell: Tukima's Dance
  3526 | D:4      | Reached XP level 6. HP: 35/35 MP: 7/9
  3529 | D:4      | Noticed an ice beast
  3594 | D:4      | Found a shadowy altar of Dithmenos.
  3721 | D:4      | Noticed Edmund
  3721 | D:4      | Found Zunehymp's Assorted Antiques.
  3822 | D:4      | Reached skill level 5 in Stealth
  3863 | D:4      | Found a radiant altar of Vehumet.
  3903 | D:4      | Killed Edmund
  3904 | D:4      | Reached XP level 7. HP: 40/40 MP: 6/10
  3937 | D:4      | Reached skill level 6 in Stealth
  3958 | D:4      | Became a worshipper of Dithmenos the Shadowed
  4083 | D:4      | Bought a copper wand for 96 gold pieces
  4330 | D:4      | Reached skill level 1 in Evocations
  4589 | D:5      | Entered Level 5 of the Dungeon
  4612 | D:5      | Reached XP level 8. HP: 44/44 MP: 10/12
  4944 | D:5      | Found Uloatu's Armour Shop.
  4989 | D:5      | Found a staircase to the Ecumenical Temple.
  5176 | D:6      | Reached skill level 7 in Stealth
  5222 | D:6      | Reached skill level 5 in Hexes
  5578 | D:6      | Reached * piety under Dithmenos
  5579 | D:6      | Reached skill level 8 in Stealth
  5915 | D:6      | Reached XP level 9. HP: 50/50 MP: 5/13
  6299 | D:6      | Learned a level 3 spell: Dazzling Flash
  6869 | D:7      | Reached ** piety under Dithmenos
  6870 | D:7      | Reached skill level 5 in Short Blades
  6918 | D:7      | Noticed Menkaure
  6930 | D:7      | Killed Menkaure
  7017 | D:7      | Found a sparkling altar of Nemelex Xobeh.
  7053 | D:7      | Noticed a komodo dragon
  7109 | D:7      | Killed a komodo dragon
  7110 | D:7      | Reached skill level 5 in Dodging
  7451 | D:8      | Reached XP level 10. HP: 43/56 MP: 7/14
  8334 | D:8      | Reached skill level 9 in Stealth
  8684 | D:9      | Found a runed translucent door.
  8807 | D:9      | Reached skill level 10 in Stealth
  9116 | D:9      | Reached *** piety under Dithmenos
  9172 | D:9      | Found a hide-covered altar of Uskayaw.
  9275 | D:9      | Noticed P0068685's ghost (novice HOFi)
  9488 | D:10     | Entered Level 10 of the Dungeon
  9501 | D:10     | Found a burning altar of Makhleb.
  9557 | D:10     | Killed an unseen horror
  9834 | D:1      | Bought a scroll of teleportation for 39 gold pieces
  9834 | D:1      | Bought a scroll of blinking for 97 gold pieces
  9944 | D:5      | Bought a +0 cloak of willpower for 138 gold pieces
 10053 | D:10     | Noticed a two-headed ogre
 10204 | D:10     | Found an iron altar of Okawaru.
 10277 | D:10     | Killed a two-headed ogre
 10334 | D:10     | Found a snail-covered altar of Cheibriados.
 10391 | D:10     | Noticed a two-headed ogre
 10402 | D:10     | Killed a two-headed ogre
 10403 | D:10     | Reached skill level 5 in Fighting
 10403 | D:10     | Reached XP level 11. HP: 61/64 MP: 9/17
 10530 | D:10     | Found a staircase to the Lair.
 11306 | D:11     | Noticed a cyclops
 11430 | D:10     | Killed a cyclops
 11663 | D:11     | Noticed a cyclops
 11670 | D:11     | Killed a cyclops
 11670 | D:11     | Reached **** piety under Dithmenos
 11704 | D:11     | Noticed a manticore
 11715 | D:11     | Killed a manticore
 11775 | D:11     | Noticed a soul eater
 11802 | D:11     | Noticed a cyclops
 11819 | D:11     | Killed a cyclops
 11948 | D:11     | Noticed a purple ugly thing
 11951 | D:11     | Killed a purple ugly thing
 11954 | D:11     | Noticed Snorg
 11959 | D:11     | Killed Snorg
 11960 | D:11     | Reached XP level 12. HP: 64/70 MP: 15/18
 12111 | D:11     | Reached skill level 10 in Short Blades
 12503 | Lair:1   | Entered Level 1 of the Lair of Beasts
 12513 | Lair:1   | Reached skill level 1 in Invocations
 12793 | Lair:1   | Noticed a catoblepas
 12806 | Lair:1   | Killed a catoblepas
 12807 | Lair:1   | Reached skill level 5 in Invocations
 12889 | Lair:1   | Learned a level 3 spell: Swiftness
 12892 | Lair:1   | Learned a level 2 spell: Blink
 13070 | Lair:1   | Reached skill level 1 in Translocations
 13070 | Lair:1   | Reached skill level 1 in Air Magic
 13176 | Lair:1   | Identified the +6 battleaxe of the Countless Beds {pain,
                  | Drain rElec Str+3 Int+4}
 13565 | Lair:1   | Noticed a boulder beetle
 13571 | Lair:1   | Killed a boulder beetle
 13718 | Lair:1   | Identified the ring of Peall {rPois Str+4}
 13779 | Lair:1   | Reached skill level 5 in Spellcasting
 14109 | Lair:2   | Noticed a six-headed hydra
 14121 | Lair:2   | Killed a six-headed hydra
 14122 | Lair:2   | Reached skill level 11 in Stealth
 14170 | Lair:2   | Noticed a seven-headed hydra
 14190 | Lair:2   | Killed a seven-headed hydra
 14191 | Lair:2   | Reached XP level 13. HP: 22/74 MP: 21/21
 14417 | Lair:2   | Identified a scroll of acquirement
 14418 | Lair:2   | Acquired the amulet "Ranu" {Reflect Will+ Str+3 SH+5}
 14854 | Lair:2   | Reached skill level 12 in Stealth
 15937 | Lair:3   | Reached skill level 1 in Shields
 16065 | Lair:3   | Reached ***** piety under Dithmenos
 16218 | Lair:3   | Found a staircase to the Snake Pit.
 16218 | Lair:3   | Noticed Nergalle
 16539 | Lair:3   | Killed Nergalle
 16540 | Lair:3   | Reached skill level 5 in Evocations
 16818 | Lair:3   | Found a staircase to the Swamp.
 17235 | Lair:3   | Noticed Fannar
 17242 | Lair:3   | Killed Fannar
 17361 | Lair:3   | Reached skill level 5 in Shields
 18858 | Lair:4   | Gained mutation: Your large and strong wings let you fly.
                  | [Gargoyle growth]
 18858 | Lair:4   | Reached XP level 14. HP: 80/80 MP: 24/24
 18999 | Lair:4   | Noticed Josephine
 19021 | Lair:4   | Killed Josephine
 19189 | Lair:4   | Reached skill level 13 in Stealth
 20201 | Lair:4   | Got Nyziun's Atlas of Electrocution
 20462 | Lair:5   | Entered Level 5 of the Lair of Beasts
 20494 | Lair:5   | Found a staircase to the Slime Pits.
 20494 | Lair:5   | Found a viscous altar of Jiyva.
 20680 | Lair:5   | Reached ****** piety under Dithmenos
 20837 | Lair:5   | Reached skill level 14 in Stealth
 21612 | Lair:5   | Reached skill level 10 in Fighting
 21619 | Lair:5   | Noticed a dire elephant
 21626 | Lair:5   | Reached XP level 15. HP: 92/92 MP: 20/25
 21990 | Lair:5   | Found a runed translucent door.
 22115 | Lair:5   | Reached skill level 15 in Stealth
 22375 | Lair:5   | Reached skill level 10 in Hexes
 22388 | Lair:5   | Learned a level 2 spell: Passwall
 22392 | Lair:5   | Learned a level 3 spell: Stone Arrow
 22460 | Lair:5   | Reached skill level 1 in Earth Magic
 23067 | Lair:5   | Reached skill level 5 in Conjurations
 23241 | Lair:5   | Reached skill level 5 in Earth Magic
 23309 | Lair:5   | Identified the staff of air "Unieg" {rElec Dex+4}
 24167 | D:12     | Found a staircase to the Orcish Mines.
 24377 | Orc:1    | Entered Level 1 of the Orcish Mines
 24514 | Orc:1    | Noticed Erica
 24528 | Orc:1    | Killed Erica
 24875 | Orc:2    | Entered Level 2 of the Orcish Mines
 24879 | Orc:2    | Found a staircase to the Elven Halls.
 24936 | Orc:2    | Found a transporter.
 24937 | Orc:2    | Noticed KimchiStew's ghost (journeyman HuIE)
 25014 | Orc:2    | Identified the +5 great mace "Moizekexui" {spect, rF+ rN+
                  | Int-2}
 25014 | Orc:2    | Identified the +7 great mace "Okloos" {freeze, Int+3 Dex+3}
 25369 | Orc:2    | Found a transporter.
 25519 | Orc:2    | Found Jaemuroi's Weapon Shoppe.
 25829 | Orc:2    | Found Qikoevuy's Assorted Antiques.
 25836 | Orc:2    | Found Ynweon's Armour Boutique.
 25838 | Orc:2    | Found Jefefual's Jewellery Shoppe.
 26217 | D:13     | Reached XP level 16. HP: 97/97 MP: 26/26
 26226 | D:13     | Identified the ring "Nygryadd" {*Slow Fly rN+ Str+3}
 26251 | D:13     | Noticed Maurice
 26258 | D:13     | Killed Maurice
 26331 | D:13     | Paralysed by a floating eye for 4 turns
 26388 | D:13     | Found a gate to the Vaults.
 26466 | D:13     | Found the +2 hat of the Bear Spirit {Spirit, Bear, *Rage
                  | Will++}
 26771 | D:14     | Found a gate leading to a gauntlet.
 26780 | Gauntlet | Entered a Gauntlet
 26780 | Gauntlet | Found a transporter.
 26789 | Gauntlet | Found a transporter.
 26791 | Gauntlet | Found a runed translucent door.
 26806 | Gauntlet | Found a transporter.
 26810 | Gauntlet | Found a transporter.
 26831 | Gauntlet | Found a transporter.
 26844 | Gauntlet | Found a transporter.
 26858 | Gauntlet | Found a transporter.
 26888 | Gauntlet | Found a transporter.
 26888 | Gauntlet | Found a transporter.
 26893 | Gauntlet | Found a transporter.
 26916 | Gauntlet | Found a transporter.
 26920 | Gauntlet | Found a transporter.
 26955 | Gauntlet | Found a runed translucent door.
 27023 | Gauntlet | Identified the amulet "Ileekhli" {Acrobat rC- Regen+ Int+2}
 27108 | Gauntlet | Identified the +2 hat "Macuomnu" {rC+ rN+}
 27193 | Gauntlet | Identified the +4 flail of Wyrd {elec, rN+ Will+ Int+3}
 27462 | D:14     | Reached skill level 10 in Shields
 27998 | D:15     | Entered Level 15 of the Dungeon
 28056 | D:15     | Reached skill level 10 in Invocations
 28062 | D:15     | Learned a level 5 spell: Silence
 28482 | D:15     | Identified the +6 orcbow "Cewnah" {elec, +Blink}
 28776 | D:15     | Found a staircase to the Depths.
 28928 | Elf:1    | Entered Level 1 of the Elven Halls
 28981 | Orc:2    | Bought the ring of Soesir {rElec Dex+6} for 750 gold pieces
 29629 | Elf:1    | Paralysed by an air elemental for 1 turns
 29638 | Elf:1    | Paralysed by an air elemental for 1 turns
 29764 | Elf:1    | Found a shimmering altar of Xom.
 29999 | Elf:1    | Reached XP level 17. HP: 99/103 MP: 22/28
 30823 | Elf:1    | Paralysed by an air elemental for 1 turns
 31256 | Elf:1    | Got the Compendium of Attacks
 31542 | Elf:1    | Reached skill level 5 in Air Magic
 31912 | Elf:2    | Noticed Roxanne
 32035 | Elf:2    | Found a runed translucent gate.
 32035 | Elf:2    | Found a runed translucent gate.
 32036 | Elf:2    | Found a runed translucent gate.
 32879 | Elf:2    | Noticed a deep elf blademaster
 32896 | Elf:2    | Killed a deep elf blademaster
 32977 | Elf:2    | Noticed a Hell Sentinel
 33253 | Elf:2    | Noticed Zenata
 33303 | Elf:1    | Learned a level 7 spell: Enfeeble
 33702 | Elf:2    | Killed Zenata
 34411 | Elf:3    | Entered Level 3 of the Elven Halls
 34500 | Elf:3    | Reached skill level 10 in Spellcasting
 34829 | Elf:3    | Reached XP level 18. HP: 110/110 MP: 27/32
 35062 | Elf:3    | Identified the +9 great sword of Sloth {flame, Dex+4}
 35569 | Elf:3    | Noticed a deep elf blademaster
 35585 | Elf:3    | Killed a deep elf blademaster
 35759 | Elf:3    | Identified the +0 robe "Erierch" {rC+}
 35956 | Elf:3    | Identified the ring of Perfectionism {rC+ MP+9 Str-2 Dex+2
                  | Slay+2}
 35956 | Elf:3    | Noticed a deep elf master archer
 36078 | Elf:3    | Identified the +1 chain mail "Vengixt" {*Corrode Regen+
                  | Int+6 Slay+3}
 36078 | Elf:3    | Noticed a deep elf master archer
 36098 | Elf:3    | Killed a deep elf master archer
 36121 | Elf:3    | Noticed a deep elf blademaster
 36136 | Elf:3    | Killed a deep elf blademaster
 36239 | Elf:3    | Identified the +4 rapier of Anxiety {spect, rCorr}
 36351 | Elf:3    | Killed a deep elf master archer
 36368 | Elf:3    | Got the Incunable of Coordinates and Accompaniment
 36374 | Elf:3    | Identified the staff of conjuration "Makaxaaps" {rElec
                  | rPois rN++}
 36454 | Elf:3    | Identified the +1 scimitar of the Silent Majority {elec,
                  | MP+9}
 36454 | Elf:3    | Identified the ring of Reifa {EV+5 Stlth+}
 36651 | Elf:3    | Found Ymakyri's Antique Armour Shop.
 36695 | Elf:3    | Identified the +4 lajatang of Luxury {vamp, Drain rF+++
                  | Dex+5}
 36861 | Elf:3    | Identified the staff of poison "Liazoa" {rPois rCorr Str+3
                  | Dex-5 Stlth+}
 37347 | Snake:1  | Entered Level 1 of the Snake Pit
 38803 | Snake:3  | Found a flickering gateway to a bazaar.
 38831 | Bazaar   | Entered a bazaar
 38831 | Bazaar   | Found Uzem's Book Boutique.
 38839 | Bazaar   | Found Bicsonnyreo's Antique Armour Shop.
 38840 | Bazaar   | Found Zuoware's Armour Emporium.
 38861 | Bazaar   | Found Kik Pexo's Armour Boutique.
 38892 | Bazaar   | Found Luarchuw's Armour Shop.
 38922 | Bazaar   | Bought a translucent cloak for 171 gold pieces
 38922 | Bazaar   | Identified the +1 cloak of the World {rC+} (You bought it
                  | in a shop in a bazaar)
 38946 | Bazaar   | Bought a +0 pair of gloves of stealth for 115 gold pieces
 38966 | Bazaar   | Bought Great Wizards, Vol. VII for 210 gold pieces
 39150 | Snake:3  | Reached XP level 19. HP: 116/116 MP: 24/33
 39339 | Snake:3  | Noticed Vashnia
 41118 | Snake:3  | Killed Vashnia
 41419 | Snake:4  | Entered Level 4 of the Snake Pit
 41473 | Snake:4  | Noticed Aizul
 41489 | Snake:4  | Killed Aizul
 43018 | Snake:4  | Reached skill level 15 in Hexes
 43194 | Snake:4  | Got a serpentine rune of Zot
 43428 | Swamp:1  | Entered Level 1 of the Swamp
 43432 | Swamp:1  | Noticed Nikola
 43432 | Swamp:1  | Noticed Jorgrun
 43534 | Swamp:1  | Killed Jorgrun
 43543 | Swamp:1  | Killed Nikola
 43612 | Swamp:1  | Noticed Louise
 43638 | Swamp:1  | Killed Louise
 43723 | Swamp:1  | Identified the +5 scale mail "Maiprao" {Harm}
 43833 | Swamp:1  | Reached skill level 16 in Stealth
 44233 | Swamp:2  | Reached XP level 20. HP: 118/122 MP: 33/35
 44310 | Swamp:2  | Reached skill level 17 in Stealth
 44545 | Swamp:2  | Noticed Kirke
 44585 | Swamp:2  | Killed Kirke
 45082 | Swamp:3  | Found a transporter.
 45302 | Swamp:3  | Reached skill level 18 in Stealth
 45536 | Swamp:3  | Acquired 830 gold pieces
 45745 | Swamp:3  | Found a transporter.
 45950 | Swamp:4  | Entered Level 4 of the Swamp
 46082 | Swamp:4  | Reached skill level 19 in Stealth
 46364 | Swamp:4  | Noticed the 27-headed Lernaean hydra
 46687 | Swamp:4  | Killed the 27-headed Lernaean hydra
 46688 | Swamp:4  | Reached skill level 20 in Stealth
 46692 | Swamp:4  | Got a decaying rune of Zot
 47003 | Vaults:1 | Entered Level 1 of the Vaults
 47512 | Vaults:1 | Found the +27 heavy crossbow "Sniper" {heavy, Acc+∞ SInv}
 47544 | Vaults:1 | Identified the +10 mace "Luotz" {pain, Dex+3 Stlth+}
 47870 | Vaults:1 | Reached XP level 21. HP: 127/127 MP: 29/36
 48511 | Vaults:2 | Noticed a dread lich
 48828 | Vaults:2 | Found Yxithioc's Antique Weapon Emporium.
 49487 | Vaults:2 | Found a runed translucent gate.
 49487 | Vaults:2 | Found a runed translucent gate.
 49487 | Vaults:2 | Found a runed translucent gate.
 49625 | Vaults:2 | Killed a dread lich
 49691 | Vaults:2 | Reached skill level 21 in Stealth
 49776 | Vaults:2 | Identified the staff of air "Elaleig" {rElec rF+ rN+ Will+
                  | Int+3}
 49807 | Vaults:2 | Noticed Ciotsan's ghost (adept FeIE)
 50075 | Vaults:3 | Reached XP level 22. HP: 137/137 MP: 34/37
 50076 | Vaults:3 | Found a flickering gateway to a bazaar.
 50089 | Bazaar   | Entered a bazaar
 50098 | Bazaar   | Found Ifeten's Antique Weapon Emporium.
 50111 | Bazaar   | Found Naos's Antique Weapon Shoppe.
 50128 | Bazaar   | Found Laryugudul's Antique Armour Shoppe.
 50139 | Bazaar   | Found Poachuv's Antique Armour Emporium.
 50144 | Bazaar   | Bought a pair of glowing boots for 240 gold pieces
 51499 | Vaults:3 | You are sucked into a shaft and drop 1 floor!
 51544 | Vaults:4 | Noticed an ancient lich
 51914 | Vaults:4 | Killed an ancient lich
 52153 | Vaults:4 | Reached skill level 22 in Stealth
 52659 | Vaults:4 | Reached skill level 10 in Evocations
 53010 | Depths:1 | Entered Level 1 of the Depths
 53364 | Depths:1 | Noticed a caustic shrike
 53387 | Depths:1 | Killed a caustic shrike
 54230 | Depths:1 | Found a gateway to Hell.
 54239 | Depths:1 | Reached XP level 23. HP: 142/142 MP: 28/38
 54259 | Depths:1 | Found an iron altar of Okawaru.
 54427 | Depths:2 | Found a one-way gate leading to the halls of Pandemonium.
 55461 | Depths:2 | Found a glowing silver altar of Zin.
 55461 | Depths:2 | Noticed Mennas
 55464 | Depths:2 | Killed Mennas
 55601 | Depths:2 | Identified the +1 scale mail of the Hot Ocelot {Harm MP+9
                  | Str+3}
 55657 | Depths:2 | Identified the staff of air "Degoly" {rElec rN+ Will+}
 55664 | Depths:2 | Identified the +4 chain mail "Utzif" {Rampage rCorr Slay+3}
 55937 | Depths:2 | Identified the ring of Qyohubb {Fire Str+2}
 56087 | Depths:3 | Found a one-way gateway to a ziggurat.
 56250 | Depths:3 | Identified the +3 broad axe of Earthquakes {freeze, rC+
                  | Dex-2 Stlth+}
 56363 | Depths:3 | Noticed a caustic shrike
 56469 | Depths:3 | Killed a caustic shrike
 56719 | Depths:3 | Found a one-way gate to the infinite horrors of the Abyss.
 56929 | Depths:3 | Noticed the Enchantress
 56958 | Depths:3 | Reached skill level 15 in Evocations
 56968 | Depths:3 | Killed the Enchantress
 57701 | Depths:4 | Entered Level 4 of the Depths
 57949 | Depths:4 | Reached XP level 24. HP: 135/148 MP: 28/38
 58051 | Depths:4 | Found a gate to the Realm of Zot.
 58148 | Depths:4 | Noticed a juggernaut
 58154 | Depths:4 | Killed a juggernaut
 58718 | Depths:4 | Reached skill level 10 in Dodging
 59351 | Depths:3 | Voluntarily entered the Abyss.
 59448 | Abyss:1  | Found a corrupted altar of Lugonu.
 60185 | Abyss:3  | Noticed an ancient lich
 60216 | Abyss:3  | Killed an ancient lich
 60241 | Abyss:3  | HP: 7/148 [reaper/+1 scythe of protection (22)]
 60447 | Abyss:3  | Got an abyssal rune of Zot
 60677 | Depths:3 | Escaped the Abyss
 60903 | Orc:2    | Bought a scroll of teleportation for 96 gold pieces
 60903 | Orc:2    | Bought a scroll of teleportation for 96 gold pieces
 60903 | Orc:2    | Bought a potion of heal wounds for 160 gold pieces
 61345 | Zot:1    | Entered Level 1 of the Realm of Zot
 61673 | Zot:1    | Noticed an orb of fire
 61678 | Zot:1    | Killed an orb of fire
 62340 | Zot:2    | Acquired 607 gold pieces
 62425 | Zot:2    | Noticed a curse toe
 62853 | Zot:2    | Reached XP level 25. HP: 133/139 MP: 38/38
 62875 | Zot:2    | Found a transporter.
 62880 | Zot:2    | Found a transporter.
 62982 | Zot:2    | Reached skill level 15 in Fighting
 63021 | Zot:2    | Noticed an orb of fire
 63340 | Zot:2    | Gained mutation: You occasionally lose the ability to drink
                  | potions when taking damage. [an orb of fire]
 63342 | Zot:2    | Gained mutation: You are occasionally teleported next to
                  | monsters. [an orb of fire]
 63382 | Zot:2    | Gained mutation: Your muscles are strong. (Str +4, Int/Dex
                  | -1) [an orb of fire]
 63394 | Zot:2    | Killed an orb of fire
 63564 | Zot:1    | Lost mutation: You are occasionally teleported next to
                  | monsters. [potion of mutation]
 63564 | Zot:1    | Lost mutation: Your muscles are strong. (Str +4, Int/Dex
                  | -1) [potion of mutation]
 63564 | Zot:1    | Gained mutation: You are frail. (-10% HP) [potion of
                  | mutation]
 63564 | Zot:1    | Gained mutation: You are strong-willed. (Will+) [potion of
                  | mutation]
 63564 | Zot:1    | Gained mutation: You expend magic power (3 MP) to
                  | strengthen your wands. [potion of mutation]
 63565 | Zot:1    | Lost mutation: You are strong-willed. (Will+) [potion of
                  | mutation]
 63565 | Zot:1    | Lost mutation: You are frail. (-10% HP) [potion of
                  | mutation]
 63565 | Zot:1    | Lost mutation: You expend magic power (3 MP) to strengthen
                  | your wands. [potion of mutation]
 63565 | Zot:1    | Gained mutation: You are weak. (Str -2) [potion of
                  | mutation]
 63565 | Zot:1    | Gained mutation: You are partially covered in large bone
                  | plates. (SH +4) [potion of mutation]
 63566 | Zot:1    | Lost mutation: You are partially covered in large bone
                  | plates. (SH +4) [potion of mutation]
 63566 | Zot:1    | Lost mutation: You are weak. (Str -2) [potion of mutation]
 63566 | Zot:1    | Gained mutation: You are frail. (-10% HP) [potion of
                  | mutation]
 63566 | Zot:1    | Gained mutation: Your mind is acute. (Int +4, Str/Dex -1)
                  | [potion of mutation]
 63566 | Zot:1    | Gained mutation: Your mind is very acute. (Int +8, Str/Dex
                  | -2) [potion of mutation]
 63566 | Zot:1    | Gained mutation: You are partially covered in iridescent
                  | scales. (AC +2) [potion of mutation]
 63567 | Zot:1    | Lost mutation: You are partially covered in iridescent
                  | scales. (AC +2) [potion of mutation]
 63567 | Zot:1    | Lost mutation: You occasionally lose the ability to drink
                  | potions when taking damage. [potion of mutation]
 63567 | Zot:1    | Gained mutation: You have a pair of small horns on your
                  | head. [potion of mutation]
 63567 | Zot:1    | Gained mutation: Your movements are slightly less
                  | encumbered by armour. (ER -2) [potion of mutation]
 63567 | Zot:1    | Gained mutation: You are strong-willed. (Will+) [potion of
                  | mutation]
 63567 | Zot:1    | Gained mutation: You are highly strong-willed. (Will++)
                  | [potion of mutation]
 63568 | Zot:1    | Lost mutation: Your mind is very acute. (Int +8, Str/Dex
                  | -2) [potion of mutation]
 63568 | Zot:1    | Lost mutation: Your movements are slightly less encumbered
                  | by armour. (ER -2) [potion of mutation]
 63568 | Zot:1    | Lost mutation: You are frail. (-10% HP) [potion of
                  | mutation]
 63568 | Zot:1    | Gained mutation: You have very sharp teeth. [potion of
                  | mutation]
 63568 | Zot:1    | Gained mutation: You sometimes lose your temper in combat.
                  | [potion of mutation]
 63569 | Zot:1    | Lost mutation: You sometimes lose your temper in combat.
                  | [potion of mutation]
 63569 | Zot:1    | Lost mutation: Your mind is acute. (Int +4, Str/Dex -1)
                  | [potion of mutation]
 63569 | Zot:1    | Gained mutation: You are somewhat resistant to further
                  | mutation. [potion of mutation]
 63611 | Zot:2    | Found a transporter.
 63619 | Zot:2    | Found a transporter.
 63971 | Zot:2    | Identified the +10 whip of Zoes {drain, rElec rF+}
 64019 | Zot:2    | Slain by a yellow draconian

Illustrated notes

Levels and vault maps discovered:
D:1:      sevenhm_arrival_forest_fort_large_2, layout_rooms, serial_shops, shop,
          minmay_misc_feat_pillars
D:2:      layout_basic, minmay_pentomino_s2
D:3:      layout_basic, overflow_temple_1_default, mainiacjoe_overflow_paths,
          st_stairs_12, chequers_serial_rivers_micro_e, uniq_terence
D:4:      layout_loops_ring, nicolae_dithmenos_the_darkroom,
          fiery_altar_vehumet, nicolae_wu_jian_glorious_leap,
          nicolae_stop_n_shop_1, grunt_ministairs_15, uniq_edmund
D:5:      layout_rooms, temple_fountains, serial_shops, shop
D:6:      layout_gridville
D:7:      kennysheep_big_flooded_room, layout_basic,
          mainiacjoe_overflow_alcove_1, uniq_menkaure
D:8:      layout_loops_ring, special_room [special_room_orc]
D:9:      layout_irregular_city, nicolae_uskayaw_murder_on_the_dancefloor,
          ebering_ghost_reflecting_pool, minivault_14,
          hangedman_decor_diamond_cutter, nicolae_figureground_sparkle
D:10:     layout_roguey, mainiacjoe_overflow_six_doors_small,
          mainiacjoe_overflow_alcove_4, mainiacjoe_overflow_chevrons,
          erik_lair_island, minmay_crystal_room, kennysheep_generic_room_14
D:11:     nicolae_hexawheel, layout_basic, uniq_snorg
D:12:     layout_rooms, erik_orc_2, hangedman_ranch
D:13:     layout_loops_ring, david_vaults_4, uniq_maurice
D:14:     layout_big_octagon, gauntlet_entry_generic
D:15:     grunt_enter_depths_snipers, layout_loops_ring,
          minmay_misc_feat_hallway
Lair:1:   layout_long_grid, chequers_serial_rivers_room_b, guppyfry_lair_drakes,
          infiniplex_staircase_pool, lemuel_fruit_fields, serial_bayou_shore_a
Lair:2:   layout_cave_pods
Lair:3:   layout_cave_pods, swamp_mist, minmay_snake_entry_guardpost_small,
          cheibrodos_lair_reptile_den, uniq_fannar, uniq_nergalle
Lair:4:   layout_hall_layers, beast_lair_carwin_2, grunt_megastairs_4,
          lemuel_fruit_tree, serial_bayou_shore_b, uniq_josephine
Lair:5:   hangedman_lair_in_review, layout_loops_ring, wormcave, slime_entry_1
Swamp:1:  layout_basic_swamp, evilmike_swamp_ruin_house_1,
          nicolae_swamp_oklob_treasure_island, uniq_louise, uniq_nikola,
          uniq_jorgrun
Swamp:2:  nzn_winding_woodlands_cross [nzn_winding_woodlands_5x15_sidewinder,
          nzn_winding_woodlands_5x15_pool, nzn_winding_woodlands_5x15_longhouse,
          nzn_winding_woodlands_5x15_parted,
          nzn_winding_woodlands_15x15_killbox], layout_falls_marsh,
          evilmike_swamp_ruin_house_2, uniq_kirke
Swamp:3:  gammafunk_sealed_arena, layout_falls_marsh,
          nicolae_swamp_feature_on_the_river_bank, st_swamp_ruins_3
Swamp:4:  grunt_swamp_rune_castle, layout_basic_swamp
Snake:1:  layout_onion
Snake:2:  layout_misc_corridors
Snake:3:  layout_grid_maze, serial_shops, bzr_entry_gold, uniq_vashnia
Snake:4:  snake_pit_salamanders_mu, layout_cave_town, uniq_aizul
Orc:1:    layout_diamond_mine, uniq_erica
Orc:2:    st_orc_elflike, layout_diamond_mine, basic_altar,
          gammafunk_ghost_smash
Elf:1:    layout_gridlike, basic_altar, minmay_elf_sorcery,
          nicolae_elf_vaults_five_recruitment_drive
Elf:2:    elven_hall_of_blades_hangedman_original [nicolae_blade_lattice],
          layout_loops_cross, uniq_zenata, uniq_roxanne
Elf:3:    grunt_elf_hall_spiral, layout_geoelf_diagonals, serial_shops,
          nicolae_shop_just_a_little_nook, laboratory
Vaults:1: minmay_guarded_unrand_secular_launcher, v_alt_pattern_6, v_misc_4,
          ontoclasm_vaults_misaligned, ontoclasm_vaults_twist,
          nicolae_vaults_trapezoid_3, nicolae_vaults_trapezoid_1,
          layout_vaults_omnigrid
Vaults:2: gammafunk_ghost_spectres, vaults_room_corners,
          nicolae_vaults_you_can_take_it_with_you, nicolae_vaults_big_ls,
          nicolae_vaults_sightless_eye, nicolae_vaults_rhombus_6,
          vaults_room_door_hall, v_misc_11, nicolae_vaults_ring_of_whatevers,
          nicolae_vaults_closet_pinwheel_5, layout_vaults_maze_snakey,
          serial_shops, nicolae_shop_stone
Vaults:3: gammafunk_ghost_split, v_alt_pattern_6, minmay_crypt_entry_vampire_xt,
          vaults_room_boxed, nicolae_vaults_angled_halls,
          hangedman_vaults_pinch, nicolae_vaults_double_plus_3,
          vaults_room_semicircle, vaults_dpeg_ring,
          nicolae_vaults_surprise_closet, nicolae_vaults_murder_corner,
          layout_vaults_omnicross, serial_shops, bzr_entry_water
Vaults:4: hangedman_vaults_capsules, nicolae_vaults_closet_pinwheel_2,
          hangedman_vaults_restitches, hangedman_vaults_trim,
          vaults_room_stairs_pillars, vaults_standard_mumra_lines,
          nicolae_vaults_crenellated_ambush, vaults_mumra_chevron_long,
          v_misc_5, nicolae_vaults_layer_cake_slice, layout_vaults_big_room
Depths:1: layout_gridlike, grunt_metal_band, minmay_misc_feat_doors,
          minmay_misc_feat_nine_boxes, okawaru_trees_2, kennysheep_cross_landing
Depths:2: evilmike_silver_temple, layout_basic, pf_dread_powers_of_hell,
          minmay_misc_feat_roman, rand_demon_pan_entry_3
Depths:3: hangedman_cross_stitches, layout_gridlike, enter_ziggurat_f,
          hangedman_coc_ice_floe, abyss_entry, uniq_enchantress
Depths:4: evilmike_zot_entry_argh, layout_gridville, roderic_lattice_a,
          hangedman_tar_grid_catacomb
Zot:1:    layout_concentric_octagons, uniq_josephina
Zot:2:    dreamdust_black_sun_cult, layout_misc_corridors,
          nicolae_lava_and_water, nicolae_transporter_intersection

Skill      XL: |  1  2  3  4  5  6  7  8  9 10 11 12 13 14 15 16 17 18 19 20 21 22 23 24 25 |
---------------+----------------------------------------------------------------------------+-----
Short Blades   | 1 2 3 4 5 6 9 10 12 14 | 14.0
Stealth        | 4 5 6 8 10 11 12 14 15 16 20 21 22 | 22.0
Ice Magic      | 1 |  1.0
Hexes          | 3 4 6 7 9 10 12 14 15 16 | 16.0
Fighting       | 1 2 3 4 5 6 10 11 12 14 16 | 16.0
Evocations     | 1 2 4 6 11 15 16 | 16.0
Spellcasting   | 3 4 5 7 10 11 | 11.1
Dodging        | 2 5 6 8 9 14 | 14.0
Conjurations   | 3 5 |  5.0
Invocations    | 5 7 10 11 | 11.0
Translocations | 2 |  2.0
Air Magic      | 2 3 5 |  5.0
Shields        | 7 8 10 12 14 | 14.0
Earth Magic    | 8 |  8.0

Action                     |  1- 3 |  4- 6 |  7- 9 | 10-12 | 13-15 | 16-18 | 19-21 | 22-24 | 25-27 || total
---------------------------+-------+-------+-------+-------+-------+-------+-------+-------+-------++-------
  Melee: Dagger            |   139 |    98 |   355 |   633 |  1781 |  1326 |       |       |       ||  4332
         Punch             |       |     2 |     2 |     4 |    18 |       |       |       |       ||    26
         Quick blade       |       |       |       |       |       |   897 |  2547 |  2654 |   395 ||  6493
         Headbutt          |       |       |       |       |       |       |       |       |   110 ||   110
         Bite              |       |       |       |       |       |       |       |       |    60 ||    60
   Cast: Ensorcelled Hiber |    28 |    36 |    41 |    62 |   220 |    12 |    32 |     7 |       ||   438
         Confusing Touch   |       |     2 |    20 |    10 |    41 |    76 |    42 |    15 |       ||   206
         Tukima's Dance    |       |     1 |    13 |    13 |       |       |       |       |       ||    27
         Dazzling Flash    |       |       |       |    19 |    93 |    92 |    21 |    34 |       ||   259
         Blink             |       |       |       |       |     4 |       |     1 |     1 |       ||     6
         Swiftness         |       |       |       |       |     2 |       |       |     1 |       ||     3
         Stone Arrow       |       |       |       |       |     9 |    71 |     3 |       |       ||    83
         Silence           |       |       |       |       |       |    17 |    13 |     8 |       ||    38
         Enfeeble          |       |       |       |       |       |     1 |    51 |   122 |    16 ||   190
 Invoke: Shadow Step       |       |       |       |     1 |       |     1 |     5 |       |     1 ||     8
         Shadow Form       |       |       |       |       |       |     1 |       |       |       ||     1
Ability: End Transformatio |       |       |       |       |       |     1 |       |       |       ||     1
         Evoke Invisibilit |       |       |       |       |       |       |       |     4 |     1 ||     5
  Evoke: Wand              |       |       |     4 |     5 |     4 |     8 |     1 |     3 |     2 ||    27
         Phial of floods   |       |       |       |       |       |     2 |       |       |       ||     2
         Tin of tremorston |       |       |       |       |       |       |       |     4 |       ||     4
    Use: Potion            |     2 |       |     2 |     1 |     2 |     4 |     5 |    11 |    11 ||    38
         Scroll            |     4 |     4 |     6 |     8 |    10 |    18 |     8 |    12 |     1 ||    71
   Stab: Sleeping          |    19 |    26 |    29 |    56 |   134 |    85 |   149 |   183 |     5 ||   686
         Invisible         |     1 |       |       |     9 |    56 |    69 |    76 |   171 |    28 ||   410
         Confused          |       |     1 |    12 |    10 |    42 |    69 |    54 |    12 |       ||   200
         Petrified         |       |       |       |       |     7 |       |       |       |       ||     7
         Distracted        |       |       |       |       |     2 |     5 |    11 |    24 |     2 ||    44
 Armour: Robe              |    51 |    25 |   143 |   202 |    23 |    48 |   501 |   344 |    68 ||  1405
         Leather armour    |       |       |       |       |   101 |       |       |       |       ||   101
         Skin              |       |       |       |       |    14 |       |       |       |       ||    14
         Troll leather arm |       |       |       |       |   276 |   244 |       |       |       ||   520
  Dodge: Dodged            |    86 |    46 |   172 |   361 |   588 |   383 |   766 |   508 |    71 ||  2981
  Block: Other             |       |       |       |       |   130 |       |       |       |       ||   130
         Kite shield       |       |       |       |       |   394 |   539 |       |   765 |   115 ||  1813
         Reflection        |       |       |       |       |    18 |    88 |    59 |    18 |       ||   183
         Buckler           |       |       |       |       |       |   220 |   816 |    36 |       ||  1072

Table legend: (Time is in decaauts)
 A = Elapsed time spent in this place.
 B = Non-inter-level travel time spent in this place.
 C = Inter-level travel time spent in this place.
 D = Time resting spent in this place.
 E = Time spent auto-exploring this place.
 F = Levels seen in this place.
 G = Mean time per level.
                   A        B        C        D        E       F      G
               +--------+--------+--------+--------+--------+-----+--------+
         Total |  60605 |  55120 |   5485 |  14426 |  22282 |  49 | 1236.8 |
       Dungeon |  16540 |  14230 |   2310 |   2619 |   7120 |  15 | 1102.7 |
          Lair |  10362 |   9615 |    747 |   2982 |   3361 |   5 | 2072.4 |
         Swamp |   3135 |   3024 |    111 |    563 |   1488 |   4 |  783.8 |
     Snake Pit |   5800 |   5328 |    472 |   2254 |   1635 |   4 | 1450.0 |
  Orcish Mines |   2189 |   1776 |    413 |    507 |    752 |   2 | 1094.5 |
   Elven Halls |   6857 |   6468 |    389 |   1955 |   1773 |   3 | 2285.7 |
        Vaults |   5155 |   4640 |    515 |    614 |   2294 |   4 | 1288.8 |
        Depths |   6288 |   5867 |    421 |   1760 |   2736 |   4 | 1572.0 |
           Zot |   2548 |   2445 |    103 |    879 |    777 |   2 | 1274.0 |
         Abyss |   1107 |   1107 |      0 |    232 |     59 |   3 |  369.0 |
        Bazaar |    223 |    223 |      0 |      0 |    126 |   2 |  111.5 |
      Gauntlet |    395 |    395 |      0 |     59 |    161 |   1 |  395.0 |
               +--------+--------+--------+--------+--------+-----+--------+

Top non-repeatable levels by time:
   Elf:3: 2540 daAuts
  Lair:5: 2456 daAuts
  Lair:2: 2421 daAuts
   Elf:2: 2346 daAuts
  Lair:3: 2255 daAuts
 Snake:2: 2204 daAuts
   Elf:1: 1970 daAuts
Depths:2: 1954 daAuts
    D:10: 1770 daAuts
 Snake:4: 1715 daAuts
   Zot:1: 1706 daAuts
  Lair:1: 1655 daAuts
   Orc:2: 1603 daAuts
Depths:4: 1596 daAuts
  Lair:4: 1573 daAuts
